SL
OAKLAND OAKS @ KINGSTON TOWNSHIP KNIGHTS
08/15/2039
 
TOP OF THE 1ST
Oakland Oaks batting - Pitching for Kingston Township Knights : RHP Currito Fonseca
Pitching: RHP Currito Fonseca
Batting: RHB Sebastian Franke 0-0: Ball
1-0: Foul Ball, location: 2F
1-1: Ball
2-1: Foul Ball, location: 2F
2-2: Foul Ball, location: 2F
2-2: DOUBLE (Flyball, 8LXD, EV 91.9 MPH)
Batting: LHB Obidiah Lewis 0-0: Ball
1-0: Called Strike
1-1: Ball
2-1: Foul Ball, location: 2F
2-2: Strikes out swinging
Batting: SHB Cecil Nelson 0-0: Called Strike
0-1: Ball
1-1: Ground out 1-3 (Groundball, 13S, EV 73.1 MPH)
Sebastian Franke to third
Batting: LHB Gabriel Montoya 0-0: Foul Ball, location: 2F
0-1: Ball
1-1: Ball
2-1: Ball
3-1: Base on Balls
Batting: RHB Silvian Burger 0-0: Ball
1-0: SINGLE (Flyball, 8RS, EV 91.9 MPH)
Sebastian Franke scores
Gabriel Montoya to second
Runner from 2nd tries for 3rd, SAFE, no throw by CF
Batting: LHB Jesús Colón 0-0: Called Strike
Silvian Burger steals 2nd base
0-1: Ball
1-1: Foul Ball, location: 2F
1-2: Foul Ball, location: 2F
1-2: Ground out 4-3 (Groundball, 34, EV 102.5 MPH)
Top of the 1st over - 1 run, 2 hits, 0 errors, 2 left on base; Oakland 1 - Kingston Township 0
BOTTOM OF THE 1ST
Kingston Township Knights batting - Pitching for Oakland Oaks : LHP Faisal bin Nabeel
Pitching: LHP Faisal bin Nabeel
Batting: RHB Daniel Maldonado 0-0: Ball
1-0: Called Strike
1-1: Ball
2-1: Ball
3-1: Foul Ball, location: 2F
3-2: Foul Ball, location: 2F
3-2: SINGLE (Line Drive, 7LS, EV 95.0 MPH)
Batting: RHB Glenn Curtis 0-0: Foul Ball, location: 2F
0-1: Ball
1-1: Ball
2-1: Grounds out, U3 (Groundball, 3L, EV 85.0 MPH)
Batting: RHB Daniel McCoy 0-0: Fly out, F9 (Flyball, 9, EV 78.8 MPH)
Batting: RHB Holden Ford 0-0: Foul Ball, location: 2F
0-1: Called Strike
0-2: Strikes out swinging
Bottom of the 1st over - 0 runs, 1 hit, 0 errors, 1 left on base; Oakland 1 - Kingston Township 0
TOP OF THE 2ND
Oakland Oaks batting - Pitching for Kingston Township Knights : RHP Currito Fonseca
Batting: RHB Colin O'Connell 0-0: Ball
1-0: Foul Ball, location: 2F
1-1: SINGLE (Line Drive, 7S, EV 88.8 MPH)
Batting: RHB Tony Hernández 0-0: Called Strike
0-1: Called Strike
0-2: Ball
Wild Pitch!
Colin O'Connell to second
1-2: Strikes out swinging
Batting: RHB Cornelius Adkison 0-0: Called Strike
0-1: Foul Ball, location: 2F
0-2: Ball
1-2: Strikes out swinging
Batting: RHB Sebastian Franke 0-0: Called Strike
0-1: Fly out, F5 (Popup, 25F, EV 88.1 MPH)
Top of the 2nd over - 0 runs, 1 hit, 0 errors, 1 left on base; Oakland 1 - Kingston Township 0
BOTTOM OF THE 2ND
Kingston Township Knights batting - Pitching for Oakland Oaks : LHP Faisal bin Nabeel
Batting: LHB Ed Mellor 0-0: Ball
1-0: Foul Ball, location: 2F
1-1: Foul Ball, location: 2F
1-2: Ball
2-2: Ground out 6-3 (Groundball, 6, EV 106.9 MPH)
Batting: RHB Scott Robertson 0-0: Ball
1-0: Ball
2-0: Ball
3-0: Fly out, F9 (Flyball, 9S, EV 80.0 MPH)
Batting: RHB Jorge Ozezera 0-0: Called Strike
0-1: Swinging Strike
0-2: Ground out 1-3 (Groundball, 34S, EV 66.9 MPH)
Bottom of the 2nd over - 0 runs, 0 hits, 0 errors, 0 left on base; Oakland 1 - Kingston Township 0
TOP OF THE 3RD
Oakland Oaks batting - Pitching for Kingston Township Knights : RHP Currito Fonseca
Batting: LHB Obidiah Lewis 0-0: Swinging Strike
0-1: Foul Ball, location: 2F
0-2: Strikes out swinging
Batting: SHB Cecil Nelson 0-0: Ball
1-0: Fly out, F8 (Flyball, 8LM, EV 93.1 MPH)
Batting: LHB Gabriel Montoya 0-0: Called Strike
0-1: Ball
1-1: Fly out, F8 (Flyball, 8LXD, EV 101.9 MPH)
Top of the 3rd over - 0 runs, 0 hits, 0 errors, 0 left on base; Oakland 1 - Kingston Township 0
BOTTOM OF THE 3RD
Kingston Township Knights batting - Pitching for Oakland Oaks : LHP Faisal bin Nabeel
Batting: LHB Tony Goodwin 0-0: Ball
1-0: Ground out 6-3 (Groundball, 6, EV 85.0 MPH)
Batting: RHB Khal Drogo 0-0: Called Strike
0-1: Foul Ball, location: 2F
0-2: Ball
1-2: Ball
2-2: Ball
3-2: Foul Ball, location: 2F
3-2: SINGLE (Groundball, 4MD, EV 93.8 MPH)
Batting: RHB Daniel Maldonado 0-0: Ball
1-0: Foul Ball, location: 2F
1-1: Called Strike
1-2: Strikes out swinging
Batting: RHB Glenn Curtis 0-0: SINGLE (Line Drive, 56D, EV 104.4 MPH)
Khal Drogo to second
Runner from 2nd tries for 3rd, SAFE, throw by LF made to third
Batting: RHB Daniel McCoy 0-0: Called Strike
0-1: 3-RUN HOME RUN (Flyball, 9D, EV 99.4 MPH), Distance : 410 ft
Batting: RHB Holden Ford 0-0: Swinging Strike
0-1: Ball
1-1: Ball
2-1: Ball
3-1: Called Strike
3-2: Foul Ball, location: 2F
3-2: SINGLE (Line Drive, 9S, EV 99.4 MPH)
Batting: LHB Ed Mellor 0-0: Called Strike
0-1: Swinging Strike
0-2: Strikes out swinging
Bottom of the 3rd over - 3 runs, 4 hits, 0 errors, 1 left on base; Oakland 1 - Kingston Township 3
TOP OF THE 4TH
Oakland Oaks batting - Pitching for Kingston Township Knights : RHP Currito Fonseca
Batting: RHB Silvian Burger 0-0: Called Strike
0-1: Swinging Strike
0-2: Strikes out looking
Batting: LHB Jesús Colón 0-0: Ball
1-0: Ball
2-0: Ball
3-0: Called Strike
3-1: Fly out, F5 (Popup, 6S, EV 83.8 MPH)
Batting: RHB Colin O'Connell 0-0: Called Strike
0-1: Ball
1-1: Ball
2-1: Foul Ball, location: 2F
2-2: Ground out 5-3 (Groundball, 56S, EV 70.0 MPH)
Top of the 4th over - 0 runs, 0 hits, 0 errors, 0 left on base; Oakland 1 - Kingston Township 3
BOTTOM OF THE 4TH
Kingston Township Knights batting - Pitching for Oakland Oaks : LHP Faisal bin Nabeel
Batting: RHB Scott Robertson 0-0: Called Strike
0-1: Reached on error, E1 (Groundball, 13, EV 78.1 MPH)
Batting: RHB Jorge Ozezera 0-0: Ball
1-0: Called Strike
1-1: Ball
2-1: Swinging Strike
2-2: Fielders Choice at 2nd, 6-4 (Groundball, 6, EV 86.9 MPH)
Batting: LHB Tony Goodwin 0-0: Called Strike
0-1: Ball
1-1: Ball
2-1: Ball
3-1: SINGLE (Line Drive, 6D, EV 98.8 MPH)
Jorge Ozezera to second
Batting: RHB Khal Drogo 0-0: Foul Ball, location: 2F
0-1: Foul Ball, location: 2F
0-2: Ball
1-2: Ball
2-2: Foul Ball, location: 2F
2-2: Foul Ball, location: 2F
2-2: SINGLE (Groundball, 4MD, EV 108.1 MPH)
Jorge Ozezera to third
Tony Goodwin to second
Runner from 3rd tries for Home, SAFE, throw by CF to home
Batting: RHB Daniel Maldonado 0-0: Foul Ball, location: 2F
0-1: Swinging Strike
0-2: Ball
1-2: Strikes out looking
Batting: RHB Glenn Curtis 0-0: Ball
1-0: SINGLE (Groundball, 4M, EV 106.9 MPH) (infield hit)
Tony Goodwin to third
Khal Drogo to second
Batting: RHB Daniel McCoy 0-0: Called Strike
0-1: Foul Ball, location: 2F
0-2: Ball
1-2: Foul Ball, location: 2F
1-2: Foul Ball, location: 2F
1-2: Foul Ball, location: 2F
1-2: Ball
2-2: Ball
3-2: SINGLE (Flyball, 56D, EV 92.5 MPH)
Tony Goodwin scores
Khal Drogo to third
Glenn Curtis to second
Khal Drogo scores
Glenn Curtis to third
Pitching: RHP Carlos Rodríguez
Batting: RHB Holden Ford 0-0: Ball
1-0: Ball
2-0: Ball
3-0: Foul Ball, location: 2F
3-1: Called Strike
3-2: Base on Balls
Daniel McCoy to second
Batting: LHB Ed Mellor 0-0: Ball
1-0: Called Strike
1-1: Ground out 1-3 (Groundball, 34S, EV 89.4 MPH)
Bottom of the 4th over - 3 runs, 4 hits, 1 error, 3 left on base; Oakland 1 - Kingston Township 6
TOP OF THE 5TH
Oakland Oaks batting - Pitching for Kingston Township Knights : RHP Currito Fonseca
Batting: RHB Tony Hernández 0-0: Ball
1-0: Ball
2-0: Swinging Strike
2-1: DOUBLE (Groundball, 5L, EV 106.9 MPH)
Batting: RHB Cornelius Adkison 0-0: Ball
1-0: Called Strike
1-1: Ball
2-1: Foul Ball, location: 2F
2-2: Foul Ball, location: 2F
2-2: SINGLE (Line Drive, 8RS, EV 96.9 MPH)
Tony Hernández to third
Runner from 3rd tries for Home, SAFE, throw by CF to home
Batting: RHB Sebastian Franke 0-0: Swinging Strike
0-1: Ball
1-1: Ball
2-1: Called Strike
2-2: Strikes out swinging
Batting: LHB Obidiah Lewis 0-0: Ball
1-0: Ball
2-0: Called Strike
2-1: Foul Ball, location: 2F
2-2: Grounds into double play, 4-6-3 (Groundball, 4, EV 86.2 MPH)
Top of the 5th over - 1 run, 2 hits, 0 errors, 0 left on base; Oakland 2 - Kingston Township 6
BOTTOM OF THE 5TH
Kingston Township Knights batting - Pitching for Oakland Oaks : RHP Carlos Rodríguez
Batting: RHB Scott Robertson 0-0: Ball
1-0: Called Strike
1-1: Ball
2-1: Ball
3-1: Base on Balls
Batting: RHB Jorge Ozezera 0-0: Swinging Strike
0-1: Called Strike
0-2: Ball
1-2: Strikes out swinging
Batting: LHB Tony Goodwin 0-0: Fly out, F6 (Flyball, 56D, EV 88.8 MPH)
Batting: RHB Khal Drogo 0-0: Called Strike
0-1: Foul Ball, location: 2F
0-2: Fielders Choice at 2nd, 5-4 (Groundball, 56, EV 87.5 MPH)
Bottom of the 5th over - 0 runs, 0 hits, 0 errors, 1 left on base; Oakland 2 - Kingston Township 6
TOP OF THE 6TH
Oakland Oaks batting - Pitching for Kingston Township Knights : RHP Currito Fonseca
Batting: SHB Cecil Nelson 0-0: Called Strike
0-1: Ball
1-1: Ball
2-1: Ground out U3 (Groundball, 3, EV 81.9 MPH)
Batting: LHB Gabriel Montoya 0-0: Foul Ball, location: 2F
0-1: Ball
1-1: Ball
2-1: Fly out, F8 (Line Drive, 8LD, EV 90.0 MPH)
Batting: RHB Silvian Burger 0-0: Called Strike
0-1: Called Strike
0-2: Strikes out swinging
Top of the 6th over - 0 runs, 0 hits, 0 errors, 0 left on base; Oakland 2 - Kingston Township 6
BOTTOM OF THE 6TH
Kingston Township Knights batting - Pitching for Oakland Oaks : RHP Carlos Rodríguez
Batting: RHB Daniel Maldonado 0-0: Ball
1-0: Called Strike
1-1: Called Strike
1-2: Ball
2-2: Ground out U3 (Groundball, 34S, EV 87.5 MPH)
Batting: RHB Glenn Curtis 0-0: Ball
1-0: Swinging Strike
1-1: Called Strike
1-2: Strikes out swinging
Pitching: RHP Miguel Cabañas
Batting: RHB Daniel McCoy 0-0: Called Strike
0-1: Foul Ball, location: 2F
0-2: Ball
1-2: Ball
2-2: Foul Ball, location: 2F
2-2: Foul Ball, location: 2F
2-2: Foul Ball, location: 2F
2-2: Foul Ball, location: 2F
2-2: Ball
3-2: Base on Balls
Batting: RHB Holden Ford 0-0: Ball
1-0: Fly out, F8 (Flyball, 8RD, EV 91.2 MPH)
Bottom of the 6th over - 0 runs, 0 hits, 0 errors, 1 left on base; Oakland 2 - Kingston Township 6
TOP OF THE 7TH
Oakland Oaks batting - Pitching for Kingston Township Knights : RHP Currito Fonseca
Batting: LHB Jesús Colón 0-0: Ground out 1-3 (Groundball, 34S, EV 90.0 MPH)
Batting: RHB Colin O'Connell 0-0: Fly out, F4 (Popup, 4S, EV 75.0 MPH)
Batting: RHB Tony Hernández 0-0: Ball
1-0: Foul Ball, location: 2F
1-1: Ball
2-1: Foul Ball, location: 2F
2-2: Fly out, F8 (Line Drive, 8RM, EV 90.6 MPH)
Top of the 7th over - 0 runs, 0 hits, 0 errors, 0 left on base; Oakland 2 - Kingston Township 6
BOTTOM OF THE 7TH
Kingston Township Knights batting - Pitching for Oakland Oaks : RHP Miguel Cabañas
Batting: LHB Ed Mellor 0-0: Foul Ball, location: 2F
0-1: Ball
1-1: Ball
2-1: Foul Ball, location: 2F
2-2: Fly out, F6 (Popup, 6MS, EV 76.9 MPH)
Batting: RHB Scott Robertson 0-0: Ball
1-0: Foul Ball, location: 2F
1-1: Ball
2-1: Ball
3-1: Fly out, F8 (Flyball, 8LS, EV 90.0 MPH)
Batting: RHB Jorge Ozezera 0-0: Ball
1-0: Swinging Strike
1-1: Ball
2-1: Ball
3-1: SINGLE (Groundball, 6D, EV 106.9 MPH)
Batting: LHB Tony Goodwin 0-0: Ball
1-0: Ball
2-0: Ball
3-0: Base on Balls
Jorge Ozezera to second
Batting: RHB Khal Drogo 0-0: Ball
1-0: DOUBLE (Line Drive, 78D, EV 107.5 MPH)
Jorge Ozezera scores
Tony Goodwin to third
Runner from 3rd tries for Home, SAFE, throw by LF to home
Batting: RHB Daniel Maldonado 0-0: Ball
1-0: Ball
2-0: Called Strike
2-1: Fly out, F8 (Flyball, 8RD, EV 96.9 MPH)
Bottom of the 7th over - 2 runs, 2 hits, 0 errors, 1 left on base; Oakland 2 - Kingston Township 8
TOP OF THE 8TH
Oakland Oaks batting - Pitching for Kingston Township Knights : RHP Currito Fonseca
Batting: RHB Cornelius Adkison 0-0: Ball
1-0: Called Strike
1-1: Swinging Strike
1-2: Strikes out swinging
Batting: RHB Sebastian Franke 0-0: Ball
1-0: Foul Ball, location: 2F
1-1: Foul Ball, location: 2F
1-2: Foul Ball, location: 2F
1-2: Ball
2-2: Strikes out looking
Batting: LHB Obidiah Lewis 0-0: Ball
1-0: Foul Ball, location: 2F
1-1: Foul Ball, location: 2F
1-2: Ball
2-2: DOUBLE (Line Drive, 3D, EV 97.5 MPH)
Batting: SHB Cecil Nelson 0-0: Foul Ball, location: 2F
0-1: Ball
1-1: Called Strike
1-2: Ground out 6-3 (Groundball, 6, EV 83.8 MPH)
Top of the 8th over - 0 runs, 1 hit, 0 errors, 1 left on base; Oakland 2 - Kingston Township 8
BOTTOM OF THE 8TH
Kingston Township Knights batting - Pitching for Oakland Oaks : RHP Miguel Cabañas
Batting: RHB Glenn Curtis 0-0: Foul Ball, location: 2F
0-1: Called Strike
0-2: Foul Ball, location: 2F
0-2: Strikes out looking
Batting: RHB Daniel McCoy 0-0: Foul Ball, location: 2F
0-1: Ball
1-1: Fly out, F9 (Line Drive, 9, EV 86.9 MPH)
Batting: RHB Holden Ford 0-0: Foul Ball, location: 2F
0-1: SINGLE (Line Drive, 89S, EV 103.8 MPH)
Batting: LHB Ed Mellor 0-0: Called Strike
0-1: Called Strike
0-2: Ball
1-2: Ball
2-2: Ball
Wild Pitch!
Holden Ford to second
3-2: Strikes out swinging
Bottom of the 8th over - 0 runs, 1 hit, 0 errors, 1 left on base; Oakland 2 - Kingston Township 8
TOP OF THE 9TH
Oakland Oaks batting - Pitching for Kingston Township Knights : RHP Currito Fonseca
Batting: LHB Gabriel Montoya 0-0: Swinging Strike
0-1: Ball
1-1: Foul Ball, location: 2F
1-2: Foul Ball, location: 2F
1-2: Foul Ball, location: 2F
1-2: Ball
2-2: SINGLE (Flyball, 7S, EV 86.9 MPH)
Pitching: RHP Francisco Díaz
Batting: RHB Silvian Burger 0-0: Ball
1-0: Called Strike
1-1: Foul Ball, location: 2F
1-2: Ball
2-2: DOUBLE (Line Drive, 3D, EV 101.2 MPH)
Gabriel Montoya to third
Batting: LHB Jesús Colón 0-0: Ball
1-0: Ground out U3 (Groundball, 3, EV 83.1 MPH)
Batting: RHB Colin O'Connell 0-0: Called Strike
0-1: Foul Ball, location: 2F
0-2: Ball
1-2: Ball
2-2: Fly out, F7 (Flyball, 78D, EV 105.0 MPH)
Runner from 3rd tags up, SCORES, no throw by LF
Batting: RHB Tony Hernández 0-0: Ground out 6-3 (Groundball, 6, EV 107.5 MPH)
Top of the 9th over - 1 run, 2 hits, 0 errors, 1 left on base; Oakland 3 - Kingston Township 8
Wednesday, July 8th, 2020 - OOTP Baseball 20.8 Build 74